 Dungeon Crawl Stone Soup version 0.23-a0-79-gaa8cc03 (webtiles) character file.

2802 Amnesiac the Thaumaturge (level 9, -7/57 HPs)
             Began as a Mummy Air Elementalist on Aug 11, 2018.
             Was an Initiate of Gozag.
             Mangled by a two-headed ogre
             ... wielding a +0 giant club
              (19 damage)
             ... on level 8 of the Dungeon.
             The game lasted 00:26:27 (8845 turns).

Amnesiac the Thaumaturge (Mummy Air Elementalist)   Turns: 8845, Time: 00:26:28

Health: -7/57      AC:  3    Str: 11    XL:     9   Next: 44%
Magic:  1/21       EV: 12    Int: 20    God:    Gozag
Gold:   781        SH:  0    Dex: 16    Spells: 21/25 levels left

rFire    x . .     SeeInvis .   a - +1 great sword
rCold    + . .     Gourm    .   (shield currently unavailable)
rNeg     + + +     Faith    .   g - +0 robe
rPois    ∞         Spirit   .   (no helmet)
rElec    .         Reflect  .   y - scarf {cloud immunity}
rCorr    .         Harm     .   t - +0 pair of gloves
MR       +....                  (no boots)
Stlth    ++........             k - amulet of regeneration
HPRegen  0.59/turn              e - +3 ring of dexterity
MPRegen  0.17/turn              p - +3 ring of intelligence

@: no status effects
A: no food or potions, fire vulnerability, cold resistance 1, negative energy
resistance 3, torment resistance, unbreathing
a: Potion Petition, Call Merchant, Bribe Branch, Renounce Religion


You were on level 8 of the Dungeon.
You worshipped Gozag.
Gozag was pleased with you.
You were not hungry.

You visited 2 branches of the dungeon, and saw 9 of its levels.

You collected 863 gold pieces.
You paid 82 gold pieces to Gozag.

Inventory:

Hand Weapons
 a - a +1 great sword (weapon)
 b - a +3 hunting sling
 v - a +1 dagger of freezing
 w - a +0 dagger of venom
Missiles
 i - 181 stones (quivered)
 o - 56 sling bullets
Armour
 g - a +0 robe (worn)
 t - a +0 pair of gloves (worn)
 y - a scarf of cloud immunity (worn)
Jewellery
 e - a +3 ring of dexterity (left hand)
 k - an amulet of regeneration (around neck)
 p - a +3 ring of intelligence (right hand)
 u - an uncursed ring of flight
Wands
 l - a wand of iceblast (12)
Scrolls
 f - 4 scrolls of magic mapping {!r}
 j - a scroll of teleportation {!r}
 m - 2 scrolls of enchant weapon {!r}
 n - 3 scrolls of remove curse {!r}
 r - a scroll of fog {!r}
 s - a scroll of fear {!r}
 x - a scroll of enchant armour {!r}


   Skills:
 - Level 1.5 Dodging
 - Level 1.5 Stealth
 + Level 8.9 Spellcasting
   Level 3.3 Conjurations
 * Level 8.9 Air Magic


You had 21 spell levels left.
You knew the following spells:

 Your Spells              Type           Power        Failure   Level  Hunger
a - Airstrike             Air            #####.....   1%          4    N/A

Your spell library contained the following spells:

 Spells                   Type           Power        Failure   Level  Hunger
 Lightning Bolt           Conj/Air       ####......   17%         5    N/A
 Shock                    Conj/Air       ####         1%          1    N/A
 Swiftness                Chrm/Air       ####....     1%          2    N/A
 Static Discharge         Conj/Air       ####....     1%          3    N/A

Dungeon Overview and Level Annotations

Branches:
Dungeon (8/15)             Temple (1/1) D:5
   Lair: D:8-11

Altars:
Ashenzari
Cheibriados
Dithmenos
Elyvilon
Fedhas
Gozag
Hepliaklqana
Okawaru
Qazlal
Ru
Trog
Uskayaw
Vehumet
Xom
Yredelemnul
The Shining One

Annotations:
D:6 Harold


Innate Abilities, Weirdness & Mutations

You do not eat or drink.
Your flesh is vulnerable to fire.
You are immune to poison.
Your flesh is cold resistant. (rC+)
You are immune to negative energy. (rN+++)
You are immune to unholy pain and torment.
You can survive without breathing.


Message History

Aim: a quokka The air twists around and strikes the quokka!
You kill the quokka!
You start resting.
Magic restored.
A two-headed ogre comes into view. It is wielding two giant clubs.
A two-headed ogre is nearby!
A two-headed ogre is nearby!
Casting: Airstrike (safe; 1% risk of failure)
Confirm with . or Enter, or press ? or * to list all spells.
Aiming: Airstrike (safe; 1% risk of failure)
Press: ? - help, Dir - move target cursor, f - two-headed ogre
Aim: a two-headed ogre, wielding two giant clubs (hasn't noticed you)
The air twists around and strikes the two-headed ogre!
The two-headed ogre shouts in stereo!
The two-headed ogre is lightly wounded.
Casting: Airstrike (safe; 1% risk of failure)
Confirm with . or Enter, or press ? or * to list all spells.
Aiming: Airstrike (safe; 1% risk of failure)
Press: ? - help, Dir - move target cursor, f/p - two-headed ogre
Aim: a two-headed ogre, wielding two giant clubs (lightly wounded)
The air twists around and strikes the two-headed ogre!
The two-headed ogre is moderately wounded.
Casting: Airstrike (safe; 1% risk of failure)
Confirm with . or Enter, or press ? or * to list all spells.
Aiming: Airstrike (safe; 1% risk of failure)
Press: ? - help, Dir - move target cursor, f/p - two-headed ogre
Aim: a two-headed ogre, wielding two giant clubs (moderately wounded)
The air twists around and strikes the two-headed ogre!
The two-headed ogre is heavily wounded.
Casting: Airstrike (safe; 1% risk of failure)
Confirm with . or Enter, or press ? or * to list all spells.
Aiming: Airstrike (safe; 1% risk of failure)
Press: ? - help, Dir - move target cursor, f/p - two-headed ogre
Aim: a two-headed ogre, wielding two giant clubs (heavily wounded)
The air twists around and strikes the two-headed ogre!
The two-headed ogre is severely wounded.
Casting: Airstrike (safe; 1% risk of failure)
Confirm with . or Enter, or press ? or * to list all spells.
You don't have enough magic to cast that spell.
Casting: Airstrike (safe; 1% risk of failure)
Confirm with . or Enter, or press ? or * to list all spells.
You don't have enough magic to cast that spell.
Found a stone staircase leading down and a stone staircase leading up.
A scorpion comes into view.
A crimson imp comes into view.
Casting: Airstrike (safe; 1% risk of failure)
Confirm with . or Enter, or press ? or * to list all spells.
Aiming: Airstrike (safe; 1% risk of failure)
Press: ? - help, Dir - move target cursor, f/p - two-headed ogre
Aim: a two-headed ogre, wielding two giant clubs (severely wounded)
The air twists around and strikes the two-headed ogre!
The two-headed ogre is almost dead.
You hit the two-headed ogre.
The two-headed ogre is almost dead.
The two-headed ogre barely misses you. x2
The two-headed ogre hits you with a giant club!!
Ouch! That really hurt!
* * * LOW HITPOINT WARNING * * *
The two-headed ogre hits you with a giant club!
* * * LOW HITPOINT WARNING * * *
The two-headed ogre misses you.
The two-headed ogre hits you with a giant club!!
You die...
Your body crumbles into a pile of gold.

.. #..# .P ### .##.#
P.5
##...####.##.###.#..sP
..........##..##.#...
#@# #.......< #O#
#..##.#>#
#.####.......#
#........##$######
#....##...........
#....##...........
#....##.....$....<
#....##$......%...
#######...........


You could see a two-headed ogre.

Vanquished Creatures
  Grinder (D:5)
  Eustachio (D:5)
  Menkaure (D:5)
  Duvessa (D:5)
  An orc warrior (D:7)
  2 sky beasts (D:7)
  A black bear (D:7)
  2 phantoms
  An ogre (D:6)
  A centaur (D:6)
  2 bullfrogs
  Dowan (D:5)
  3 scorpions
  4 killer bees
  2 howler monkeys
  3 crimson imps
  A bullfrog zombie (D:6)
  2 hounds
  3 jellies
  A gnoll shaman (D:6)
  4 orc priests
  2 bullfrog skeletons
  5 orc wizards
  An iguana (D:4)
  2 worker ants
  3 gnolls (D:6)
  7 adders
  2 shadow imps
  2 oozes
  An adder skeleton (D:5)
  4 worms (D:3)
  A dart slug (D:1)
  5 leopard geckos
  22 orcs
  8 giant cockroaches
  7 hobgoblins
  13 jackals
  6 quokkas
  6 bats
  3 frilled lizards
  12 goblins
  8 kobolds
  10 rats
168 creatures vanquished.

Vanquished Creatures (others)
  A goblin (D:2)
  5 fungi (D:8)
  A plant (D:8)
7 creatures vanquished.

Grand Total: 175 creatures vanquished

Notes
Turn   | Place    | Note
-------+----------+-------------------------------------------
     0 | D:1      | Amnesiac the Mummy Air Elementalist began the quest for the Orb.
     0 | D:1      | Reached XP level 1. HP: 13/13 MP: 4/4
   116 | D:1      | Reached XP level 2. HP: 19/19 MP: 1/5
   668 | D:2      | Reached XP level 3. HP: 21/24 MP: 2/7
  1050 | D:2      | Found a white marble altar of Elyvilon.
  1275 | D:3      | Reached XP level 4. HP: 30/30 MP: 7/9
  1281 | D:3      | Learned a level 4 spell: Airstrike
  2203 | D:3      | Reached XP level 5. HP: 6/35 MP: 3/11
  2544 | D:4      | Reached XP level 6. HP: 26/41 MP: 6/13
  2609 | D:4      | Reached skill level 5 in Air Magic
  2811 | D:4      | Reached skill level 5 in Spellcasting
  3172 | D:5      | Entered Level 5 of the Dungeon
  3256 | D:5      | Noticed Eustachio
  3310 | D:5      | Killed Eustachio
  3393 | D:5      | Noticed Duvessa
  3408 | D:5      | Reached XP level 7. HP: 46/46 MP: 15/15
  3418 | D:5      | Killed Duvessa
  3436 | D:5      | Noticed Dowan
  3443 | D:5      | Killed Dowan
  3553 | D:5      | Noticed Grinder
  3564 | D:5      | Paralysed by Grinder for 4 turns
  3585 | D:5      | Killed Grinder
  3792 | D:5      | Found a staircase to the Ecumenical Temple.
  3796 | Temple   | Entered the Ecumenical Temple
  3966 | Temple   | Became a worshipper of Gozag Ym Sagoz the Greedy
  5206 | D:5      | Found a hazy altar of Hepliaklqana.
  5348 | D:5      | Reached XP level 8. HP: 40/52 MP: 14/18
  5421 | D:5      | Noticed Menkaure
  5428 | D:5      | Killed Menkaure
  5740 | D:6      | Found a hide-covered altar of Uskayaw.
  5758 | D:6      | Noticed a seven-headed hydra
  6468 | D:6      | Reached skill level 1 in Conjurations
  7172 | D:6      | Reached XP level 9. HP: 57/57 MP: 9/21
  7442 | D:7      | Noticed Harold
  7469 | D:7      | HP: 2/57 [Harold/short sword (19)]
  8823 | D:8      | Noticed a two-headed ogre
  8845 | D:8      | Mangled by a two-headed ogre

Vault maps used:
D:1:      tarquinn_simple_flora_water_e
D:2:      elyvilon_altar_4
D:3:      first_ration
D:5:      temple_hall_moat, basic_altar, uniq_grinder, uniq_eustachio,
          uniq_duvessa, uniq_menkaure
D:6:      minmay_cornered_nines, nicolae_overflow_crystal_walls,
          grunt_decor_arrowhead
D:7:      uniq_harold
D:8:      gammafunk_cloud_chamber, due_lair_maze_entry_diamond, the_bakery
Temple:   eino_narrow_crystal_temple

Skill      XL: |  1  2  3  4  5  6  7  8 |
---------------+-------------------------+-----
Air Magic      | 3 4 5 6 8 |  8.9
Spellcasting   | 3 4 5 6 8 |  8.9
Conjurations   | 3 |  3.3
Dodging        | |  1.5
Stealth        | |  1.5

Action                   |  1- 3 |  4- 6 |  7- 9 || total
-------------------------+-------+-------+-------++-------
Melee: Short sword       |     9 |       |       ||     9
       Great sword       |     1 |    10 |    16 ||    27
 Fire: Hunting sling     |       |    76 |       ||    76
 Cast: Shock             |    73 |    55 |   124 ||   252
       Airstrike         |       |     2 |    72 ||    74
Invok: Potion Petition   |       |       |     1 ||     1
  Use: Scroll            |       |       |    11 ||    11
 Stab: Sleeping          |     2 |       |       ||     2
Armor: Robe              |     5 |     8 |     7 ||    20
Dodge: Dodged            |    28 |    48 |    65 ||   141
       Rpst.: Great sword |       |     5 |    22 ||    27

Table legend:
 A = Non-vault XP
 B = Vault XP
 C = Vault XP percentage of total XP
 D = Non-vault monster count
 E = Vault monster count
 F = Vault count percentage of total count
 G = Total turns spent on level
                 A         B        C        D         E       F
            +---------+---------+-------+---------+---------+-------
      Total |    3070 |     934 |  23.3 |     160 |       8 |   4.8
            +---------+---------+-------+---------+---------+-------
        D:1 |      41 |       0 |   0.0 |      22 |       0 |   0.0
        D:2 |      78 |       2 |   2.5 |      26 |       1 |   3.7
        D:3 |     143 |       0 |   0.0 |      32 |       0 |   0.0
        D:4 |     281 |       0 |   0.0 |      17 |       0 |   0.0
        D:5 |     279 |     856 |  75.4 |      10 |       5 |  33.3
        D:6 |    1052 |      76 |   6.7 |      33 |       2 |   5.7
        D:7 |    1098 |       0 |   0.0 |      17 |       0 |   0.0
        D:8 |      48 |       0 |   0.0 |       2 |       0 |   0.0
     Temple |      50 |       0 |   0.0 |       1 |       0 |   0.0
            +---------+---------+-------+---------+---------+-------
